 Dungeon Crawl Stone Soup version 0.28-a0-730-g892d06dc2c (webtiles) character file.

Game seed: 17943114104745325268

6 ytrimaz the Insei (level 1, 0/13 HPs)
             Began as an Octopode Transmuter on Oct 28, 2021.
             Killed from afar by a dart slug (4 damage)
             ... with a slug dart
             ... on level 1 of the Dungeon.
             The game lasted 00:00:24 (217 turns).

ytrimaz the Insei (Octopode Transmuter)              Turns: 217, Time: 00:00:24

Health: 0/13       AC:  1    Str:  9    XL:     1   Next: 90%
Magic:  2/3        EV: 13    Int: 15    God:
Gold:   11         SH:  0    Dex: 12    Spells: 3/4 levels left

rFire   . . .      SeeInvis .     - Unarmed
rCold   . . .      Faith    .   (no shield)
rNeg    . . .      Spirit   .   (helmet currently unavailable)
rPois   .          Reflect  .   (no amulet)
rElec   .          Harm     .   (no ring)
rCorr   .          Rampage  .   (no ring)
Will    .....                   (no ring)
Stlth   ++........              (no ring)
HPRegen 0.04/turn               (no ring)
MPRegen 0.08/turn               (no ring)
                                (no ring)
                                (no ring)

@: appendages (expiring)
A: tentacle spike 3, almost no armour, amphibious, 8 rings, camouflage 1,
gelatinous body 1, (nimble swimmer 1), tentacles
a: End Transformation


You were on level 1 of the Dungeon.
One of your tentacles had grown a beastly spike.
You visited 1 branch of the dungeon, and saw 1 of its levels.

You collected 11 gold pieces.

Inventory:

Scrolls
 a - a scroll of identify {unknown}


   Skills:
 - Level 1.0 Fighting
 * Level 2.3 Dodging
 + Level 0.2 Stealth
 - Level 3.0 Unarmed Combat
 + Level 2.1 Spellcasting
 + Level 2.0 Transmutations


You had 3 spell levels left.
You knew the following spells:

 Your Spells              Type           Power      Damage    Failure   Level
a - Beastly Appendage     Tmut           14%        N/A       10%         1

Your spell library contained the following spells:

 Spells                   Type           Power      Damage    Failure   Level
 Wereblood                Tmut           7%         N/A       14%         2
 Spider Form              Tmut/Pois      2%         N/A       41%         3
 Ice Form                 Ice/Tmut       4%         N/A       82%         4


Dungeon Overview and Level Annotations

Branches:
Dungeon (1/15)

Altars:


Innate Abilities, Weirdness & Mutations

One of your tentacles has grown a beastly spike.
You cannot wear most types of armour.
You are amphibious.
You can wear up to eight rings at the same time.
Your skin changes colour to match your surroundings (Stealth+).
Your rubbery body absorbs attacks. (AC +1, EV +1)
((You are camouflaged near water. (Stealth+)))
You have tentacles for arms and can constrict up to eight enemies at once.


Message History

You tentacle-slap the rat.
You kill the rat!
Your transformation is almost over.
You see here a rat corpse.
Your tentacle spike disappears.
A goblin and a dart slug come into view.
Found 9 gold pieces.
There are monsters nearby!
There are monsters nearby!
There are monsters nearby!
You tentacle-slap the goblin. Your grab misses the goblin.
The goblin is moderately wounded.
The goblin hits you but does no damage.
You tentacle-slap the goblin.
You kill the goblin!
A dart slug comes into view.
Things that are here:
a +0 dagger; a goblin corpse A kobold comes into view.
It is wielding a +0 dagger.
Found a coppery potion.
The kobold shouts!
A bat comes into view.
The dart slug bites you.
You tentacle-slap the dart slug. You grab the dart slug.
You squeeze the dart slug.
The dart slug is heavily wounded.
You constrict the dart slug.
A hobgoblin comes into view.
The dart slug launches a dart at you. The slug dart misses you.
The hobgoblin shouts!
You tentacle-slap the dart slug. x2
You kill the dart slug!
The dart slug launches a dart at you. The slug dart hits you.
One of your tentacles grows a vicious spike.
The bat hits you. The kobold hits you with a +0 dagger.
The dart slug launches a dart at you. The slug dart hits you.
You die...

####.##....##
+..........'. .
####.##....## .. ..#
#†....# ... ##.# #.....#
.... #..####......
.....#######......#####.
.g!..........####.#####'
.......@...).# #.##....
......K......# #.##....
......b......# #.##....
........$....# #.##....
####......$..# #.##....
#.........# #.######
#.w.........
#...........


You could see a dart slug, a hobgoblin, a bat and a kobold.

Vanquished Creatures
  A dart slug (D:1)
  A quokka (D:1)
  A bat (D:1)
  A goblin (D:1)
  A rat (D:1)
5 creatures vanquished.

Notes
Turn   | Place    | Note
-------+----------+-------------------------------------------
     0 | D:1      | ytrimaz the Octopode Transmuter began the quest for the
                  | Orb.
     0 | D:1      | Reached XP level 1. HP: 13/13 MP: 3/3
   217 | D:1      | Killed from afar by a dart slug

Illustrated notes

Levels and vault maps discovered:
D:1:      mushboom_english_gardens, layout_basic,
          shapermc_ecumenical_altar_ellora

Action                   || total
-------------------------++-------
Melee: Unarmed           ||    12
       Constrict         ||     4
       Kick              ||     2
       Punch             ||     2
       Tentacles         ||     1
 Cast: Beastly Appendage ||     3
 Stab: Sleeping          ||     2
Armor: Skin              ||     2
Dodge: Dodged            ||     8

Table legend: (Time is in decaauts)
 A = Elapsed time spent in this place.
 B = Non-inter-level travel time spent in this place.
 C = Inter-level travel time spent in this place.
 D = Time resting spent in this place.
 E = Time spent auto-exploring this place.
 F = Levels seen in this place.
 G = Mean time per level.
                   A        B        C        D        E       F      G
               +--------+--------+--------+--------+--------+-----+--------+
         Total |    216 |    216 |      0 |      0 |    170 |   1 |  216.0 |
       Dungeon |    216 |    216 |      0 |      0 |    170 |   1 |  216.0 |
               +--------+--------+--------+--------+--------+-----+--------+

Top non-repeatable levels by time:
     D:1: 216 daAuts
